Map: Sludge City

Players

Tenonee

  • Race: Zerg Zerg
  • League: Diamond
  • Spawn Location: 5:00

DerWicht

  • Race: Protoss Protoss
  • League: Diamond
  • Spawn Location: 5:00

fauXer - Winner!

  • Race: Terran Terran
  • Spawn Location: 11:00

Destro - Winner!

  • Race: Terran Terran
  • League: Diamond
  • Spawn Location: 9:00

VOD

Have the link to the VOD?

Description

Time

  • Played on: July 29, 2016, 10:47 a.m.
  • Length: 16:09
Show
View Real Time Build Order
Export as new Build Order

Tenonee Zerg 

Build Orders: Hatch First 

Get SALT Encoding   

  12  0:02  Drone  
  13  0:12  Overlord  
  13  0:18  Drone  
  14  0:31  Drone x2  
  14  0:35  Drone  
  17  0:48  Drone  
  18  0:58  Hatchery  
  18  1:00  Drone  
  18  1:03  Extractor  
  17  1:17  Spawning Pool  
  16  1:35  Drone x3  
  19  2:06  Spine Crawler  
  19  2:08  Queen  
  20  2:09  Metabolic Boost  
  20  2:11  Queen  
  20  2:13  Drone  
  23  2:25  Spine Crawler  
  22  2:34  Zergling x2  
  22  2:35  Zergling x4  
  25  2:48  Drone  
  26  3:05  Overlord  
  26  3:26  Drone x3  
  30  3:27  Drone x2  
  30  3:30  Roach Warren  
  30  3:47  Drone  
  31  3:49  Drone x2  
  31  3:50  Drone x3  
  31  3:53  Extractor  
  31  3:54  Extractor  
  34  3:55  Extractor  
  34  4:01  Overlord x3  
  33  4:03  Pneumatized Carapace  
  33  4:20  Lair  
  32  4:34  Drone x2  
  32  4:35  Drone x6  
  32  4:36  Drone x4  
  44  4:57  Spore Crawler x2  
  43  5:04  Roach x4  
  43  5:06  Overlord  
  43  5:07  Overlord  
  51  5:18  Glial Reconstitution  
  51  5:20  Overseer x3  
  51  5:26  Roach x4  
  51  5:27  Roach  
  51  5:28  Roach x2  
  63  5:47  Roach  
  63  5:48  Roach x2  
  62  5:59  Overlord x2  
  62  6:00  Overlord  
  39  6:21  Roach  
  39  6:23  Roach  
  19  8:05  Hatchery  
  18  8:30  Hatchery  
  17  9:23  Hatchery  
  16  9:59  Extractor  
  15  10:01  Extractor  
  14  10:09  Queen x2  
  18  10:15  Drone  
  18  10:16  Drone x5  
  24  10:41  Drone  
  24  10:42  Queen  
  27  10:47  Extractor  
  27  10:48  Extractor  
  25  11:10  Lair  
  25  11:19  Roach x2  
  25  11:20  Roach x4  
  25  11:21  Roach  
  39  11:30  Drone x2  
  41  11:38  Zergling x2  
  42  11:40  Zergling x2  
  42  11:43  Zergling x2  
  44  11:55  Roach x4  
  51  12:12  Roach x3  
  57  12:21  Drone  
  58  12:34  Ravager x4  
  58  12:35  Ravager x3  
  65  12:45  Zergling x2  
  66  12:59  Drone  
  66  13:00  Drone x4  
  54  13:40  Roach x5  
  54  13:41  Roach  
  57  13:44  Drone  
  38  14:47  Spawning Pool  
Show
View Real Time Build Order
Export as new Build Order

DerWicht Protoss 

Build Orders: Double Forge, Nexus First, Oracle Opening 

Get SALT Encoding   

  12  0:01  Probe (Chrono Boost)  
  13  0:15  Pylon  
  13  0:18  Probe (Chrono Boost)  
  14  0:28  Probe (Chrono Boost)  
  15  0:39  Probe (Chrono Boost)  
  16  0:49  Probe (Chrono Boost)  
  17  1:03  Nexus  
  17  1:12  Gateway  
  17  1:15  Probe (Chrono Boost)  
  18  1:21  Assimilator  
  18  1:26  Probe (Chrono Boost)  
  18  1:31  Pylon  
  19  1:38  Probe (Chrono Boost)  
  20  1:49  Probe (Chrono Boost)  
  20  1:52  Assimilator  
  21  1:59  Cybernetics Core  
  23  2:02  Zealot  
  23  2:03  Probe (Chrono Boost)  
  24  2:13  Gateway  
  24  2:16  Probe (Chrono Boost)  
  24  2:18  Probe (Chrono Boost)  
  26  2:26  Probe (Chrono Boost)  
  26  2:29  Probe (Chrono Boost)  
  28  2:33  Pylon  
  30  2:37  Mothership Core (Chrono Boost)  
  30  2:42  Adept  
  32  2:49  Pylon  
  32  2:50  Probe (Chrono Boost)  
  33  3:00  Warp Gate  
  33  3:06  Adept, Stargate  
  33  3:08  Probe (Chrono Boost)  
  33  3:10  Probe (Chrono Boost)  
  37  3:20  Probe (Chrono Boost)  
  37  3:22  Probe (Chrono Boost)  
  37  3:24  Assimilator  
  39  3:27  Robotics Facility  
  39  3:30  Probe (Chrono Boost)  
  39  3:32  Probe (Chrono Boost)  
  41  3:43  Probe (Chrono Boost)  
  41  3:47  Probe (Chrono Boost), Pylon  
  43  3:54  Probe (Chrono Boost)  
  44  3:59  Oracle  
  44  4:01  Probe (Chrono Boost)  
  48  4:04  Probe (Chrono Boost), Forge  
  48  4:06  Forge  
  48  4:09  Assimilator  
  49  4:12  Probe (Chrono Boost)  
  50  4:27  Pylon  
  50  4:31  Probe (Chrono Boost)  
  50  4:32  Probe (Chrono Boost)  
  50  4:34  Nexus  
  55  4:44  Gateway  
  54  4:46  Gateway  
  54  4:49  Adept  
  56  4:54  Oracle  
  57  5:00  Probe (Chrono Boost)  
  57  5:40  Zealot x2  
  61  5:43  Oracle  
  64  6:03  Stalker x2  
  62  6:04  Stalker x2  
  60  6:23  Oracle  
  60  6:26  Immortal  
  60  6:32  Adept x2  
  66  6:33  Adept x2  
  66  6:37  Probe x2 (Chrono Boost)  
  74  6:48  Probe (Chrono Boost)  
  71  7:13  Observer  
  71  7:15  Stalker x4  
  72  7:19  Probe x2 (Chrono Boost)  
  72  7:20  Photon Cannon  
  72  7:22  Photon Cannon  
  70  7:54  Oracle  
  73  7:59  Probe (Chrono Boost)  
  73  8:00  Twilight Council  
  73  8:03  Probe (Chrono Boost), Gateway  
  73  8:05  Gateway  
  75  8:10  Nexus  
  75  8:16  Zealot  
  77  8:23  Protoss Ground Armor Level 1, Protoss Ground Weapons Level 1  
  77  8:25  Pylon  
  77  8:27  Pylon  
  77  8:28  Pylon  
  77  8:29  Nexus  
  77  8:32  Pylon x2  
  62  8:56  Zealot, Stalker x3  
  68  9:17  Probe (Chrono Boost)  
  68  9:20  Gateway  
  68  9:21  Gateway  
  68  9:22  Zealot  
  68  9:24  Zealot, Robotics Bay  
  73  9:27  Probe x2 (Chrono Boost)  
  73  9:28  Probe (Chrono Boost)  
  73  9:30  Pylon  
  76  9:33  Photon Cannon  
  76  9:36  Assimilator  
  76  9:37  Oracle  
  79  9:40  Assimilator  
  79  9:43  Probe (Chrono Boost)  
  80  9:47  Probe (Chrono Boost)  
  80  9:49  Zealot x2  
  80  9:50  Zealot, Adept x3  
  93  9:54  Templar Archives  
  93  9:55  Pylon  
  93  10:01  Photon Cannon  
  93  10:05  Photon Cannon  
  93  10:06  Pylon  
  93  10:14  Pylon  
  93  10:19  Assimilator  
  93  10:21  Photon Cannon  
  93  10:25  Probe (Chrono Boost), Assimilator  
  93  10:27  Pylon  
  94  10:30  Probe (Chrono Boost), Pylon  
  94  10:34  Stalker x4  
  94  10:35  Stalker x3  
  107  10:39  Charge  
  110  10:46  Zealot  
  110  10:48  Probe (Chrono Boost)  
  114  10:50  Probe (Chrono Boost)  
  103  11:13  Zealot x2  
  103  11:14  Zealot x2  
  103  11:16  Psionic Storm  
  99  11:36  Adept  
  99  11:37  Adept x3  
  93  11:44  Oracle  
  78  11:53  Nexus  
  70  12:00  Pylon  
  70  12:01  Gateway  
  70  12:02  Pylon  
  70  12:04  Gateway  
  70  12:05  Blink  
  70  12:09  Zealot x4  
  75  12:18  Probe (Chrono Boost)  
  75  12:21  Zealot x2  
  78  12:27  Probe (Chrono Boost)  
  72  12:33  Sentry  
  72  12:34  Sentry  
  75  12:38  High Templar x2  
  78  12:46  Immortal  
  78  12:47  Stalker  
  86  12:53  Mothership Core (Chrono Boost)  
  86  12:57  Zealot  
  88  13:10  High Templar x4  
  96  13:17  Archon x2  
  96  13:20  High Templar x2  
  96  13:21  High Templar  
  94  13:44  Stalker x2  
  94  13:45  Stalker x2  
  94  13:48  Probe (Chrono Boost)  
  104  13:55  Probe (Chrono Boost)  
  104  13:58  Probe (Chrono Boost)  
  104  14:00  Probe (Chrono Boost)  
  83  14:25  Pylon  
  83  14:29  Pylon  
  83  14:30  Assimilator  
  82  14:39  Zealot x3  
  82  14:40  High Templar  
  80  15:01  Archon  
  64  15:19  High Templar x4  
  64  15:20  High Templar  
  70  15:23  Probe (Chrono Boost)  
  71  15:34  Stalker x2  
  73  15:42  Probe (Chrono Boost)  
  74  15:46  Nexus  
Show
View Real Time Build Order
Export as new Build Order

fauXer Terran - Winner!

Build Orders:  

Get SALT Encoding   

  12  0:04  SCV  
  13  0:16  SCV  
  13  0:19  Supply Depot  
  14  0:28  SCV  
  14  0:32  Refinery  
  15  0:40  SCV  
  16  0:46  Barracks  
  16  0:54  Refinery  
  16  0:57  SCV  
  17  1:09  SCV  
  18  1:21  SCV  
  19  1:36  Bunker, Marine  
  19  1:38  Orbital Command  
  20  1:49  Factory  
  20  1:59  Supply Depot  
  20  2:04  Marine  
  21  2:14  SCV  
  22  2:22  Marine  
  23  2:29  SCV  
  24  2:38  Starport  
  24  2:39  Factory Tech Lab  
  24  2:41  Barracks Reactor, SCV  
  25  2:51  Supply Depot  
  25  2:53  SCV  
  26  2:59  Siege Tank  
  26  3:05  SCV  
  30  3:09  Supply Depot  
  30  3:17  SCV  
  30  3:18  Starport Tech Lab  
  31  3:21  Marine x2  
  33  3:33  Supply Depot, SCV  
  34  3:36  Siege Tank  
  37  3:44  Banshee  
  40  3:50  Marine x2  
  42  3:57  Supply Depot  
  42  3:59  SCV  
  43  4:07  Marine  
  43  4:08  Marine  
  45  4:10  Siege Tank  
  48  4:27  Banshee  
  48  4:29  SCV  
  48  4:30  Supply Depot  
  52  4:38  Marine x2  
  54  4:44  Siege Tank  
  57  4:48  SCV  
  58  5:00  Command Center  
  58  5:07  Marine x2  
  58  5:12  SCV  
  61  5:39  Banshee, Marine, Siege Tank  
  61  5:40  Marine  
  66  6:00  Marine x2  
  68  6:11  Siege Tank  
  71  6:17  Marine  
  71  6:18  Marine, SCV  
  70  6:19  SCV  
  70  6:22  Banshee  
  72  6:30  SCV  
  72  6:32  Refinery  
  73  6:35  Marine x2  
  73  6:36  Orbital Command, Refinery  
  75  6:43  Siege Tank  
  78  6:53  Marine  
  79  6:58  Marine  
  77  7:05  Banshee  
  77  7:11  Marine  
  77  7:15  Siege Tank  
  73  7:29  Marine x2  
  75  7:32  SCV x2  
  77  7:44  SCV x2  
  66  7:46  Engineering Bay, Marine  
  66  7:47  Banshee, Barracks x2, Siege Tank  
  66  7:48  Engineering Bay  
  68  7:56  SCV  
  69  8:01  Supply Depot  
  69  8:02  Supply Depot, SCV  
  70  8:06  Command Center  
  70  8:08  SCV  
  70  8:11  Marine x2  
  73  8:14  Terran Infantry Weapons Level 1, SCV  
  73  8:15  Terran Infantry Armor Level 1  
  74  8:25  Refinery  
  74  8:30  Banshee  
  74  8:32  Refinery  
  77  8:38  Marine x4  
  77  8:39  Siege Tank  
  62  8:55  Marine  
  62  8:57  Marine  
  62  9:01  SCV x2  
  58  9:11  Barracks Tech Lab, Siege Tank  
  58  9:12  Barracks Tech Lab  
  58  9:13  Banshee, Marine  
  62  9:19  Orbital Command  
  62  9:21  Barracks  
  62  9:23  Barracks  
  62  9:27  SCV x2  
  64  9:33  Marine x2  
  64  9:34  Marauder x2  
  64  9:38  Stimpack  
  70  9:39  SCV  
  70  9:40  Combat Shields  
  71  9:45  SCV  
  71  9:46  SCV  
  71  9:51  Siege Tank, SCV  
  77  9:53  Marine x2  
  77  9:56  Banshee  
  82  10:03  SCV  
  83  10:11  Supply Depot  
  83  10:12  Barracks Tech Lab, Supply Depot, Barracks Reactor  
  83  10:13  Supply Depot  
  83  10:14  Supply Depot  
  83  10:15  Marine x2, Marauder x2  
  83  10:16  Supply Depot  
  89  10:30  Siege Tank  
  92  10:40  Marine x2  
  92  10:41  Marauder x3  
  100  10:43  Medivac  
  101  10:58  Marine x2  
  101  11:02  Siege Tank  
  93  11:10  Marine x2  
  87  11:11  Marauder x2  
  87  11:13  Medivac  
  89  11:25  Armory  
  89  11:33  Marine x4  
  89  11:34  Siege Tank, Marauder x2  
  89  11:35  Marauder  
  102  11:43  Medivac  
  103  11:58  Marine, Marauder x2  
  103  11:59  Marine x3, Marauder  
  113  12:06  Siege Tank  
  116  12:13  Medivac  
  111  12:42  Marine x3  
  111  12:43  Marine, Medivac, Marauder x2  
  111  12:44  Siege Tank, Marauder  
  126  13:00  Marine x3  
  126  13:01  Marine  
  126  13:05  Marauder x2  
  134  13:13  Medivac  
  134  13:16  Siege Tank  
  137  13:20  Command Center  
  137  13:23  Marine x2  
  137  13:24  Marine x2, Marauder  
  137  13:26  Marauder  
  145  13:43  Medivac  
  130  14:13  Medivac  
  122  14:21  Marine x4  
  122  14:22  Marauder x3  
  122  14:23  Siege Tank  
  87  14:38  Marine, Planetary Fortress  
  87  14:39  Marine  
  87  14:42  Concussive Shells  
  87  14:43  Medivac, Marauder x2  
  95  15:00  Marine x4  
  95  15:01  Siege Tank, Marauder  
  95  15:05  Marauder  
  95  15:06  Supply Depot  
  106  15:13  Medivac  
  108  15:23  Marine x4  
  108  15:24  Marauder x2  
  108  15:26  Marauder  
  118  15:33  Siege Tank  
  121  15:41  Marine x4  
  125  15:46  Marauder x2  
  125  15:47  Marauder  
Show
View Real Time Build Order
Export as new Build Order

Destro Terran - Winner!

Build Orders: MMM Bio 

Get SALT Encoding   

  12  0:02  SCV  
  13  0:14  SCV  
  13  0:20  Supply Depot  
  14  0:26  SCV  
  15  0:41  SCV  
  16  0:43  Barracks  
  16  0:46  Refinery  
  16  0:53  SCV  
  17  1:05  SCV  
  18  1:14  Supply Depot  
  18  1:18  SCV  
  19  1:30  SCV  
  20  1:37  Supply Depot  
  20  1:42  SCV  
  20  1:45  Barracks Reactor  
  21  1:49  Barracks  
  22  1:54  SCV  
  22  2:06  SCV  
  22  2:07  Factory  
  23  2:20  Orbital Command  
  23  2:21  Marine x2  
  25  2:29  Supply Depot  
  25  2:35  Barracks Tech Lab  
  25  2:39  Marine x2  
  27  2:50  Factory Tech Lab  
  27  2:55  Marauder  
  27  2:57  Marine x2  
  31  3:03  SCV  
  32  3:15  Marine x2  
  32  3:19  Siege Tank  
  37  3:21  SCV  
  37  3:22  Refinery  
  37  3:23  Supply Depot  
  38  3:34  Marine x2, SCV  
  41  3:48  Command Center  
  41  3:56  Marine x2  
  41  3:58  Marauder  
  45  4:03  Siege Tank  
  48  4:23  Starport  
  48  4:29  Engineering Bay  
  48  4:32  Supply Depot  
  48  4:33  Supply Depot, SCV  
  48  4:37  Marine x2  
  51  4:43  Stimpack  
  51  4:45  SCV  
  50  5:00  Barracks  
  50  5:03  Missile Turret  
  46  5:13  Missile Turret  
  40  5:44  Orbital Command  
  24  6:27  Barracks Reactor, Marine x2  
  24  6:29  Marauder  
  28  6:42  SCV x2  
  24  6:54  SCV  
  24  6:55  Marine x3, SCV  
  24  7:05  Marine x2  
  24  7:06  Siege Tank, SCV  
  24  7:07  SCV  
  24  7:08  Concussive Shells  
  31  7:13  Marine  
  32  7:19  SCV x2  
  32  7:21  Bunker  
  34  7:26  Terran Infantry Weapons Level 1  
  36  7:30  Marauder  
  36  7:31  SCV x2  
  38  7:38  Marine x4  
  38  7:43  SCV x2  
  44  7:49  Starport Reactor  
  44  7:55  SCV x2  
  44  7:57  Refinery  
  46  8:07  Missile Turret, SCV x2  
  48  8:19  Barracks, SCV  
  49  8:20  Barracks, SCV  
  49  8:25  Medivac x2  
  56  8:27  Marauder  
  56  8:31  SCV  
  56  8:32  SCV  
  58  8:37  Refinery  
  58  8:43  SCV  
  58  8:44  Marine x2  
  58  8:45  SCV  
  62  8:55  Medivac x2, SCV  
  66  9:01  Marauder  
  69  9:05  SCV  
  69  9:06  Barracks Tech Lab  
  69  9:07  Barracks Tech Lab, SCV  
  71  9:11  Barracks  
  71  9:16  Supply Depot  
  71  9:20  Missile Turret  
  71  9:21  Terran Infantry Armor Level 1  
  71  9:38  Supply Depot x2  
  71  9:39  Marauder x3  
  71  9:40  Combat Shields  
  71  9:43  Medivac  
  79  9:46  Medivac  
  79  9:48  Marine  
  79  9:50  Marine  
  79  9:52  Marine  
  84  9:53  Marine  
  85  10:00  Marine x2  
  85  10:02  Barracks Reactor  
  85  10:04  Missile Turret  
  87  10:14  Supply Depot, Marine x2  
  87  10:15  Supply Depot, Marine  
  87  10:21  Marauder  
  92  10:22  Marauder  
  92  10:26  Marauder  
  96  10:41  Marine x2  
  96  10:42  Marine x3  
  101  10:43  Marauder  
  101  10:44  Marauder  
  101  10:48  Marauder  
  101  10:49  Marine  
  108  10:59  Marine x2  
  110  11:04  Marauder  
  110  11:05  Marauder  
  86  12:07  Marine x3  
  86  12:08  Marine, Marauder x3  
  86  12:13  Engineering Bay, Armory  
  86  12:20  Medivac x2  
  90  12:23  Barracks  
  90  12:25  Barracks  
  90  12:29  Marauder x2  
  94  12:40  Marine x3  
  94  12:41  Marine x3, Marauder  
  102  12:48  Supply Depot  
  102  12:49  Supply Depot  
  102  12:50  Marauder  
  102  12:51  Marauder  
  106  13:02  Marauder  
  108  13:12  Marauder  
  110  13:18  Marine  
  111  13:21  Barracks Reactor  
  111  13:22  Barracks Tech Lab  
  111  13:23  Command Center  
  103  13:45  Marine x3  
  103  13:46  Marauder x2  
  103  13:48  Marine  
  111  14:03  Medivac x2  
  115  14:14  Marine x2  
  115  14:15  Marine x2  
  119  14:32  Marauder  
  119  14:33  Marauder  
  86  15:36  Marine x2  
  86  15:37  Marine x2, Marauder x4  
Tags
 
Add a new tag
Caveats
  • Supply blocks, unpowered buildings, or Contaminate may cause inaccurate times.
  • Supply counts are checked every 10 seconds.